 Dungeon Crawl Stone Soup version 0.27-a0-1334-g2746e35aca (webtiles) character file.

Game seed: 12115957981992687531

15789 bilbop the Thaumaturge (level 12, -3/70 HPs)
             Began as a Deep Elf Summoner on June 26, 2021.
             Was an Elder of Yredelemnul.
             Slain by a catoblepas (13 damage)
             ... while petrified by a catoblepas
             ... on level 3 of the Lair of Beasts on June 27, 2021.
             The game lasted 02:30:10 (17878 turns).

bilbop the Thaumaturge (Deep Elf Summoner)         Turns: 17878, Time: 02:30:11

Health: -3/70      AC: 10    Str: 12    XL:     12   Next: 4%
Magic:  24/28      EV:  2    Int: 23    God:    Yredelemnul [****..]
Gold:   295        SH:  0    Dex: 16    Spells: 21/31 levels left

rFire    + + .     SeeInvis +   a - +2 dagger (protect)
rCold    . . .     Faith    .   k - +2 buckler {rPois}
rNeg     + + +     Spirit   .   D - +2 robe of the Big Bang {rN+ Will++ Str+3 Stlth+}
rPois    ∞         Reflect  .   n - +1 helmet
rElec    .         Harm     .   P - scarf {rC+ rF+}
rCorr    .         Rampage  .   M - +1 pair of gloves
Will     ++++.                  d - +1 pair of boots
Stlth    +++++.....             g - amulet of regeneration
HPRegen  1.21/turn              R - ring of Checkmate {Fire rPois Str+4 Dex-2 SInv}
MPRegen  0.21/turn              N - ring of willpower

@: petrified
A: no striking features
a: Renounce Religion, Recall Undead Slaves, Injury Mirror, Animate Dead, Drain
Life


You were on level 3 of the Lair of Beasts.
You worshipped Yredelemnul.
Yredelemnul was greatly pleased with you.
You visited 3 branches of the dungeon, and saw 16 of its levels.

You collected 818 gold pieces.
You spent 523 gold pieces at shops.

Inventory:

Hand Weapons
 a - a +2 dagger of protection (weapon)
 b - a +4 short sword
 h - a +2 dagger of venom
Missiles
 m - 7 curare-tipped darts
Armour
 d - a +1 pair of boots (worn)
 f - a scarf of shadows
 k - a +2 buckler of poison resistance (worn)
 n - a +1 helmet (worn)
 u - a scarf of shadows
 x - a +0 cloak
 D - the +2 robe of the Big Bang (worn) {rN+ Will++ Str+3 Stlth+}
   (You found it on level 8 of the Dungeon)

   It affects your strength (+3).
   It protects you from negative energy.
   It greatly increases your willpower.
   It makes you more stealthy.
 M - a +1 pair of gloves (worn)
 P - a scarf of resistance (worn)
Jewellery
 g - an amulet of regeneration (around neck)
 t - a ring of poison resistance
 w - a ring of ice
 F - a ring of fire
 N - a ring of willpower (right hand)
 O - an amulet of faith
 R - the ring of Checkmate (left hand) {Fire rPois Str+4 Dex-2 SInv}
   (You found it on level 2 of the Lair of Beasts)

   [ring of fire]

   It enhances your fire magic.
   It affects your strength (+4).
   It affects your dexterity (-2).
   It protects you from fire.
   It makes you vulnerable to cold.
   It protects you from poison.
   It lets you see invisible.
 T - a ring of resist corrosion
Wands
 o - a wand of paralysis (8)
 H - a wand of charming (3)
 Q - a wand of digging (16)
Scrolls
 j - 3 scrolls of fear
 l - 3 scrolls of summoning
 p - a scroll of brand weapon
 s - a scroll of blinking
 v - 3 scrolls of magic mapping
 y - 5 scrolls of fog
Potions
 c - 3 potions of heal wounds
 e - 7 potions of curing
 i - 3 potions of mutation {unknown}
 q - a potion of cancellation {unknown}
 r - 4 potions of flight {unknown}
 z - 5 potions of degeneration {unknown}
 A - a potion of attraction {unknown}
 B - 2 potions of brilliance {unknown}
 C - 3 potions of magic {unknown}
 G - 2 potions of haste {unknown}
 J - 2 potions of invisibility {unknown}
 K - 3 potions of might {unknown}
 S - a potion of berserk rage {unknown}
 U - a potion of ambrosia {unknown}
Miscellaneous
 E - a box of beasts
 I - a lightning rod (4/4)
 L - a phantom mirror


   Skills:
 + Level 6.1 Fighting
 + Level 7.0 Short Blades
 + Level 9.0 Dodging
 + Level 9.7 Stealth
 - Level 5.0 Shields
 + Level 10.0 Spellcasting
 + Level 9.1 Summonings
 + Level 6.9 Invocations


You had 21 spell levels left.
You knew the following spells:

 Your Spells              Type           Power      Damage    Failure   Level
a - Summon Small Mammal   Summ           100%       N/A       1%          1
b - Call Imp              Summ           52%        N/A       1%          2
c - Call Canine Familiar  Summ           52%        N/A       1%          3
d - Summon Lightning Spi  Summ/Air       32%        N/A       9%          4

Your spell library contained the following spells:

 Spells                   Type           Power      Damage    Failure   Level
 Summon Guardian Golem    Hex/Summ       32%        N/A       2%          3
 Corona                   Hex            12%        N/A       5%          1
 Ensorcelled Hibernation  Hex/Ice        22%        N/A       9%          2
 Slow                     Hex            11%        N/A       9%          2
 Summon Ice Beast         Ice/Summ       32%        N/A       9%          4
 Confusing Touch          Hex            11%        N/A       17%         3
 Dazzling Flash           Conj/Hex       22%        N/A       17%         3
 Gell's Gravitas          Tloc           5%         N/A       17%         3
 Inner Flame              Hex/Fire       17%        N/A       17%         3
 Portal Projectile        Hex/Tloc       22%        N/A       17%         3
 Tukima's Dance           Hex            11%        N/A       17%         3
 Cause Fear               Hex            5%         N/A       50%         4
 Leda's Liquefaction      Hex/Erth       5%         N/A       50%         4
 Petrify                  Tmut/Erth      11%        N/A       50%         4
 Metabolic Englaciation   Hex/Ice        5%         N/A       83%         5
 Yara's Violent Unravell  Hex/Tmut       5%         3d4       83%         5


Dungeon Overview and Level Annotations

Branches:
Dungeon (12/15)            Temple (1/1) D:6            Lair (3/6) D:9
 Shoals (0/4) Lair:2          Orc (0/2) D:12
  Snake: Lair:2-4    Spider: Lair:2-4

Altars:
Ashenzari
Cheibriados
Dithmenos
Elyvilon
Fedhas
Gozag
Hepliaklqana
Kikubaaqudgha
Makhleb
Nemelex Xobeh
Okawaru
Qazlal
Ru
Sif Muna
Trog
Uskayaw
Vehumet
Wu Jian
Xom
Yredelemnul
Zin
The Shining One
Beogh

Shops:
D:3 =   D:10 [


Message History

Something gores your yak zombie!
Your yak zombie is engulfed in calcifying dust.
Your yak zombie is moving more slowly.
Your yak zombie gores something but does no damage.
You are engulfed in calcifying dust.
You are slowing down.
Your warg is engulfed in calcifying dust.
Your limbs are stiffening.
You have turned to stone.
The catoblepas gores you! The catoblepas gores you.
You turn to flesh and can move again.
The catoblepas breathes a plume of calcifying dust at you.
The blast of calcifying dust hits you.
Casting: Call Canine Familiar (safe; 1% risk of failure)
Confirm with . or Enter, or press ? or * to list all spells.
You miscast Summon Lightning Spire.
You are very lightly contaminated with residual magic.
There is a short, sharp shower of sparks.
The catoblepas breathes a plume of calcifying dust at you.
The blast of calcifying dust hits you.
You are engulfed in calcifying dust.
You are slowing down.
The catoblepas breathes a plume of calcifying dust at you.
The blast of calcifying dust hits you!
You are engulfed in calcifying dust.
Your limbs are stiffening.
You have turned to stone.
The catoblepas gores you! The catoblepas gores you. The catoblepas gores you!!
The catoblepas gores you but does no damage.
The catoblepas gores you!!
Your magical contamination has completely faded away.
The catoblepas gores you!!
* * * LOW HITPOINT WARNING * * *
The catoblepas gores you!
* * * LOW HITPOINT WARNING * * *
The catoblepas gores you!!
You die...
Your body rises from the dead as a mindless zombie.

###.........#..........#......
####..........#.......P......#...
......................(.....#####
#################################
♣.♣ ♣♣.♣♣ ♣♣....♣.♣....♣♣ ♣♣8..♣
♣.♣♣♣§♣.♣#♣.≈≈≈≈≈≈≈≈≈≈≈.♣#♣..♣..
♣.♣♣h♣♣♣...≈≈≈≈≈≈≈≈≈≈≈≈≈...♣♣♣♣♣
.♣.♣Z♣♣ ♣♣#♣.≈≈≈≈≈≈≈≈≈≈≈.♣#♣hZ♣..
♣8.Y♣♣ ♣♣..Y@♣.♣.Z.Z♣♣ ♣♣Z..♣
##†## ######<###### ##### ♣.♣ ###
... .... ..... ♣♣Y♣♣ ♣.♣


You could see a catoblepas.

Vanquished Creatures
  A hydra (Lair:1)
  A two-headed ogre (D:11)
  2 manticores
  2 cane toads
  2 komodo dragons (Lair:2)
  3 trolls
  3 blink frogs (Lair:1)
  A vampire (D:11)
  2 wyverns
  A basilisk (Lair:1)
  2 water moccasins
  An ice beast (D:5)
  An ogre (D:7)
  3 centaurs
  A bullfrog (Lair:1)
  10 killer bees
  2 centaur zombies
  A jelly (D:8)
  3 orc priests
  An iguana (D:4)
  An orc wizard (D:9)
  A howler monkey zombie (D:10)
  3 adders
  A white imp (D:6)
  2 dart slugs
  2 orcs
  4 bats
  3 endoplasms (D:1)
  A giant cockroach (D:4)
  4 goblins
  3 hobgoblins
  A jackal (D:1)
  5 ball pythons
  A frilled lizard (D:2)
  2 rats (D:2)
77 creatures vanquished.

Vanquished Creatures (collateral kills)
  4 hydras
  4 two-headed ogres
  An ugly thing (D:12)
  2 manticores
  2 merfolk sirens (Lair:2)
  A black mamba (Lair:3)
  A cane toad (Lair:2)
  2 unseen horrors
  A komodo dragon (Lair:2)
  A rime drake (Lair:3)
  A troll (D:9)
  2 merfolk (Lair:2)
  A polar bear (Lair:3)
  A hornet (D:9)
  2 shadows
  2 wyverns
  Sigmund (D:6)
  9 yaks
  3 basilisks
  2 wargs (D:12)
  Menkaure (D:5)
  5 water moccasins
  6 orc warriors
  3 ogres
  6 necrophages
  A centaur (D:9)
  9 wolves
  2 kobold brigands (D:8)
  2 phantoms (D:5)
  Blork the orc (D:5)
  5 bullfrogs
  A gnoll sergeant (D:7)
  A water moccasin skeleton (D:6)
  4 killer bees
  11 wights
  4 howler monkeys
  A bullfrog zombie (D:6)
  A jelly (D:6)
  6 orc priests
  3 centaur zombies
  A centaur skeleton (D:7)
  A gnoll shaman (D:5)
  An iguana (D:5)
  4 orc wizards
  Robin (D:3)
  2 howler monkey skeletons
  A howler monkey zombie (D:11)
  4 adders
  5 gnolls
  2 worms
  A dart slug (D:1)
  49 orcs
  An endoplasm (D:1)
  3 giant cockroaches
  13 goblins
  8 hobgoblins
  6 jackals (D:1)
  12 kobolds
  2 quokkas
  3 ball pythons (D:1)
  3 bats (D:1)
  3 frilled lizards
  A butterfly (Lair:2)
243 creatures vanquished.

Vanquished Creatures (others)
  A hydra zombie (Lair:3)
  A mummy (Lair:3)
  2 merfolk zombies (Lair:2)
  A black mamba zombie (Lair:3)
  4 wolf zombies
  2 blink frog zombies
  3 komodo dragon zombies
  A manticore zombie (D:11)
  A troll zombie (D:12)
  A two-headed ogre zombie (D:11)
  3 water moccasin zombies
  A rime drake zombie (Lair:3)
  2 warg zombies (D:12)
  3 yak zombies
  2 basilisk zombies
  2 bullfrog zombies (Lair:3)
  A hobgoblin zombie (D:12)
  A killer bee zombie (D:11)
  A kobold zombie (D:8)
  2 necrophage skeletons (Lair:3)
  6 orc skeletons (D:9)
  18 orc zombies
  A polar bear zombie (Lair:3)
  A steam dragon zombie (Lair:3)
  5 demonic plants (D:2)
  13 fungi
  25 plants
  3 withered plants (D:2)
107 creatures vanquished.

Grand Total: 427 creatures vanquished

Notes
Turn   | Place    | Note
-------+----------+-------------------------------------------
     0 | D:1      | bilbop the Deep Elf Summoner began the quest for the Orb.
     0 | D:1      | Reached XP level 1. HP: 10/10 MP: 6/6
   592 | D:1      | Reached XP level 2. HP: 15/15 MP: 8/8
  1509 | D:2      | Reached XP level 3. HP: 17/20 MP: 9/9
  1512 | D:2      | Learned a level 2 spell: Call Imp
  1643 | D:2      | Found a faded altar of an unknown god.
  1816 | D:2      | Found a broken altar of Ashenzari.
  2214 | D:2      | Reached skill level 1 in Short Blades
  2423 | D:3      | Found Waumiecw's Jewellery Boutique.
  2465 | D:3      | Noticed Robin
  2488 | D:3      | Killed Robin
  2489 | D:3      | Reached skill level 1 in Fighting
  2489 | D:3      | Reached XP level 4. HP: 25/25 MP: 6/11
  2850 | D:3      | Reached skill level 5 in Summonings
  2854 | D:3      | Learned a level 3 spell: Call Canine Familiar
  3397 | D:4      | Noticed an ogre
  3407 | D:4      | Killed an ogre
  3408 | D:4      | Reached skill level 4 in Spellcasting
  3408 | D:4      | Reached XP level 5. HP: 29/29 MP: 1/13
  4312 | D:5      | Entered Level 5 of the Dungeon
  4341 | D:5      | Noticed an ice beast
  4358 | D:5      | Killed an ice beast
  4435 | D:5      | Reached XP level 6. HP: 35/35 MP: 12/14
  4738 | D:5      | Noticed Blork the orc
  4941 | D:5      | Noticed a water moccasin
  4964 | D:5      | Killed a water moccasin
  5087 | D:5      | Noticed Menkaure
  5117 | D:5      | Killed Menkaure
  5364 | D:5      | Killed Blork the orc
  5365 | D:5      | Reached XP level 7. HP: 40/40 MP: 8/16
  5376 | D:5      | Reached skill level 5 in Spellcasting
  5650 | D:6      | Noticed Sigmund
  5673 | D:6      | Killed Sigmund
  5674 | D:6      | Reached skill level 5 in Stealth
  5896 | D:6      | Found a staircase to the Ecumenical Temple.
  5904 | Temple   | Entered the Ecumenical Temple
  6055 | Temple   | Became a worshipper of Yredelemnul the Dark
  6321 | D:3      | Bought a ring of poison resistance for 220 gold pieces
  6626 | D:7      | Reached skill level 5 in Dodging
  6825 | D:7      | Reached XP level 8. HP: 45/45 MP: 8/18
  7018 | D:7      | Reached skill level 1 in Invocations
  7255 | D:7      | Reached skill level 6 in Spellcasting
  7947 | D:8      | Reached * piety under Yredelemnul
  8097 | D:8      | Reached skill level 1 in Shields
  8687 | D:8      | Identified the +2 robe of the Big Bang {rN+ Will++ Str+3
                  | Stlth+}
  9024 | D:9      | Reached XP level 9. HP: 51/51 MP: 10/21
  9127 | D:9      | Noticed a troll
  9177 | D:9      | Killed a troll
  9807 | D:9      | Reached skill level 7 in Spellcasting
  9816 | D:9      | Reached ** piety under Yredelemnul
  9967 | D:9      | Identified the +7 falchion of Xom's Benevolence {venom,
                  | rPois}
 10001 | D:9      | Found a staircase to the Lair.
 10896 | D:10     | Entered Level 10 of the Dungeon
 10896 | D:10     | Found Fanamy's Antique Armour Shoppe.
 10904 | D:10     | Bought a pair of glowing gloves for 172 gold pieces
 11045 | D:10     | Noticed a two-headed ogre
 11062 | D:10     | Killed a two-headed ogre
 11063 | D:10     | Reached skill level 5 in Short Blades
 11063 | D:10     | Reached XP level 10. HP: 35/57 MP: 18/23
 11156 | D:10     | Found a radiant altar of Vehumet.
 11467 | D:11     | Noticed a manticore
 11478 | D:11     | Killed a manticore
 11507 | D:11     | Found a hazy altar of Hepliaklqana.
 11604 | D:11     | Noticed a two-headed ogre
 11609 | D:11     | Killed a two-headed ogre
 11610 | D:11     | Reached skill level 8 in Spellcasting
 11788 | D:11     | Noticed a two-headed ogre
 11791 | D:11     | Killed a two-headed ogre
 12039 | D:11     | Reached skill level 5 in Invocations
 12134 | D:11     | Found a broken altar of Ashenzari.
 12135 | D:11     | Noticed a manticore
 12144 | D:11     | Killed a manticore
 12327 | D:11     | You fall into a shaft and drop 1 floor!
 12656 | D:12     | Noticed a two-headed ogre
 12868 | D:12     | Found a staircase to the Orcish Mines.
 12939 | D:12     | Reached skill level 5 in Fighting
 13060 | D:12     | Noticed a two-headed ogre
 13065 | D:12     | Killed a two-headed ogre
 13112 | D:12     | Noticed a two-headed ogre
 13117 | D:12     | Reached *** piety under Yredelemnul
 13121 | D:12     | Killed a two-headed ogre
 13122 | D:12     | Reached XP level 11. HP: 63/63 MP: 11/25
 13375 | D:12     | Noticed a white ugly thing
 13386 | D:12     | Killed a white ugly thing
 13387 | D:12     | Reached skill level 9 in Spellcasting
 14168 | D:10     | Bought an ominously black robe for 131 gold pieces
 14168 | D:10     | Identified the +1 robe of Immorality {rC+ Int+3 Dex+4
                  | Stlth-} (You bought it in a shop on level 10 of the
                  | Dungeon)
 14190 | Lair:1   | Entered Level 1 of the Lair of Beasts
 14193 | Lair:1   | Noticed a five-headed hydra
 14205 | Lair:1   | Killed a five-headed hydra
 14219 | Lair:1   | Noticed a four-headed hydra
 15336 | Lair:1   | Learned a level 4 spell: Summon Lightning Spire
 15445 | Lair:2   | Identified the ring of Checkmate {Fire rPois Str+4 Dex-2
                  | SInv}
 15611 | Lair:2   | Found a staircase to the Shoals.
 15831 | Lair:2   | Reached **** piety under Yredelemnul
 16239 | Lair:3   | Noticed a five-headed hydra
 16244 | Lair:3   | Noticed a seven-headed hydra
 16266 | Lair:2   | Killed a five-headed hydra
 16305 | Lair:2   | Killed a seven-headed hydra
 16428 | Lair:3   | Received a gift from Yredelemnul (a mummy)
 16740 | Lair:3   | Identified the +1 ring mail of the Special Knives {SInv}
 16776 | Lair:3   | Noticed a four-headed hydra
 16790 | Lair:3   | Killed a four-headed hydra
 17184 | Lair:3   | Noticed a four-headed hydra
 17313 | Lair:3   | Killed a four-headed hydra
 17314 | Lair:3   | Reached skill level 5 in Shields
 17439 | Lair:2   | Reached skill level 10 in Spellcasting
 17518 | Lair:3   | Reached XP level 12. HP: 70/70 MP: 1/28
 17834 | Lair:3   | Noticed a catoblepas
 17878 | Lair:3   | Slain by a catoblepas

Illustrated notes

Levels and vault maps discovered:
D:1:      sevenhm_arrival_forest_fort_small_6, layout_loops_ring,
          grunt_decor_junction, hex_tiny
D:2:      layout_basic, basic_altar, shapermc_ecumenical_altar_gd
D:3:      layout_rooms, serial_shops, nicolae_shop_crystal, uniq_robin
D:4:      layout_basic
D:5:      layout_loops_ring, kennysheep_cluttered_room, uniq_blork_the_orc,
          uniq_menkaure
D:6:      layout_rooms, minmay_temple_entry_glassed_door, uniq_sigmund
D:7:      layout_loops_cross, grunt_ministairs_10
D:8:      layout_gridville, hangedman_abyss_or_decor_slice
D:9:      layout_basic, lair_entry_dummy, special_room [special_room_orc],
          hangedman_abyss_or_decor_lesser_grid
D:10:     layout_cave_pools, old_standard_altar, serial_shops, shop_fountains
D:11:     layout_grid_maze, hangedman_feature_mirror, eino_jars
D:12:     layout_grid_maze, erik_orc_4
Temple:   kilobyte_greek_temple
Lair:1:   layout_loops_ring
Lair:2:   layout_cave_shapes, elwin_shoals_entry_stream, minivault_19,
          lemuel_fruit_fields, infiniplex_staircase_pool
Lair:3:   nzn_winding_woodlands_huge [nzn_winding_woodlands_5x15_twine,
          nzn_winding_woodlands_5x15_river_crossing,
          nzn_winding_woodlands_5x15_sawtooth,
          nzn_winding_woodlands_5x15_default, nzn_winding_woodlands_5x15_garden,
          nzn_winding_woodlands_5x15_cabin, nzn_winding_woodlands_5x15_pockets,
          nzn_winding_woodlands_5x15_zeroes,
          nzn_winding_woodlands_5x15_concentric,
          nzn_winding_woodlands_5x15_split_checker,
          nzn_winding_woodlands_center_pierced_h,
          nzn_winding_woodlands_center_lodge,
          nzn_winding_woodlands_15x15_killbox], layout_misc_corridors,
          roderic_carrion_pond

Skill      XL: |  1  2  3  4  5  6  7  8  9 10 11 12 |
---------------+-------------------------------------+-----
Stealth        | 3 4 5 6 7 8 9 |  9.7
Short Blades   | 1 2 3 4 5 6 7 |  7.0
Fighting       | 1 2 3 4 5 6 |  6.1
Dodging        | 3 4 5 6 7 8 9 |  9.0
Summonings     | 5 6 7 8 9 |  9.1
Spellcasting   | 4 5 6 7 8 10 | 10.0
Invocations    | 2 4 5 6 |  6.9
Shields        | 1 2 4 5 |  5.0

Action                   |  1- 3 |  4- 6 |  7- 9 | 10-12 || total
-------------------------+-------+-------+-------+-------++-------
Melee: Unarmed           |     2 |       |       |       ||     2
       Short sword       |    13 |       |    12 |       ||    25
       Dagger            |    36 |    72 |   173 |   220 ||   501
 Cast: Summon Small Mamm |    51 |     5 |     2 |       ||    58
       Call Imp          |     9 |    42 |    98 |    70 ||   219
       Call Canine Famil |       |    16 |    59 |    49 ||   124
       Summon Lightning  |       |       |       |    29 ||    29
Invok: Animate Remains   |       |       |    19 |    19 ||    38
       Animate Dead      |       |       |       |    28 ||    28
  Use: Scroll            |       |     9 |     3 |     8 ||    20
 Stab: Sleeping          |    12 |     8 |     6 |    24 ||    50
       Distracted        |       |     2 |     4 |     3 ||     9
Armor: Robe              |    24 |    21 |    76 |    65 ||   186
Dodge: Dodged            |    45 |    44 |   188 |   130 ||   407
Block: Buckler           |       |       |    67 |    81 ||   148

Table legend: (Time is in decaauts)
 A = Elapsed time spent in this place.
 B = Non-inter-level travel time spent in this place.
 C = Inter-level travel time spent in this place.
 D = Time resting spent in this place.
 E = Time spent auto-exploring this place.
 F = Levels seen in this place.
 G = Mean time per level.
                   A        B        C        D        E       F      G
               +--------+--------+--------+--------+--------+-----+--------+
         Total |  17798 |  16194 |   1604 |   1461 |  11061 |  16 | 1112.4 |
       Dungeon |  13982 |  12732 |   1250 |    958 |   8822 |  12 | 1165.2 |
        Temple |    193 |    126 |     67 |      0 |    124 |   1 |  193.0 |
          Lair |   3622 |   3335 |    287 |    503 |   2115 |   3 | 1207.3 |
               +--------+--------+--------+--------+--------+-----+--------+

Top non-repeatable levels by time:
     D:9: 1809 daAuts
  Lair:3: 1483 daAuts
     D:7: 1395 daAuts
     D:1: 1374 daAuts
     D:8: 1359 daAuts
    D:11: 1352 daAuts
    D:12: 1301 daAuts
     D:4: 1207 daAuts
     D:5: 1177 daAuts
  Lair:1: 1083 daAuts
  Lair:2: 1055 daAuts
     D:2: 1047 daAuts
     D:3: 709 daAuts
     D:6: 653 daAuts
    D:10: 594 daAuts
